 Dungeon Crawl Stone Soup version 0.27.0-1-g7a089689b8 (webtiles) character file.

Game seed: 1703352795672768677

858 pkoi the Archer (level 7, 0/57 HPs)
             Began as a Minotaur Hunter on Aug 12, 2021.
             Blown up by Ijyb (11 damage)
             ... with a mindburst bolt
             ... on level 4 of the Dungeon.
             The game lasted 00:05:46 (4572 turns).

pkoi the Archer (Minotaur Hunter)                   Turns: 4572, Time: 00:05:46

Health: 0/57       AC:  5    Str: 18    XL:     7   Next: 71%
Magic:  6/6        EV: 12    Int:  8    God:
Gold:   183        SH:  0    Dex: 11    Spells: 6/6 levels left

rFire    . . .     SeeInvis .   b - +0 short sword
rCold    . . .     Faith    .   (no shield)
rNeg     . . .     Spirit   .   c - +0 leather armour
rPois    .         Reflect  .   (helmet restricted)
rElec    .         Harm     .   (no cloak)
rCorr    .         Rampage  .   u - +0 pair of gloves
Will     .....                  e - +0 pair of boots
Stlth    +.........             (no amulet)
HPRegen  0.19/turn              (no ring)
MPRegen  0.10/turn              (no ring)

@: studying Dodging
A: horns 2, retaliatory headbutt
a: no special abilities


You were on level 4 of the Dungeon.
You visited 1 branch of the dungeon, and saw 5 of its levels.

You collected 183 gold pieces.

Inventory:

Hand Weapons
 a - a +1 shortbow
 b - a +0 short sword (weapon)
Missiles
 d - 22 arrows
Armour
 c - a +0 leather armour (worn)
 e - a +0 pair of boots (worn)
 u - a +0 pair of gloves (worn)
Jewellery
 o - a ring of ice
 v - a +6 ring of strength
Scrolls
 k - a scroll of blinking
 m - 2 scrolls of identify
 n - a scroll of teleportation
 s - a scroll of magic mapping {unknown}
 t - a scroll of noise {unknown}
 w - a scroll of fog {unknown}
Potions
 f - a potion of heal wounds {unknown}
 g - a potion of haste
 h - a potion of magic {unknown}
 i - a potion of degeneration {unknown}
 j - a potion of berserk rage {unknown}
 l - a potion of attraction {unknown}
 q - a potion of curing {unknown}
 r - a potion of might {unknown}


   Skills:
 + Level 3.2 Fighting
 * Level 9.8 Bows
 - Level 1.5 Armour
 + Level 3.1 Dodging
 + Level 1.7 Stealth


You had 6 spell levels left.
You didn't know any spells.
Your spell library was empty.

Dungeon Overview and Level Annotations

Branches:
Dungeon (5/15)
 Temple: D:4-7

Altars:
Ru
Xom

Annotations:
D:4 Ijyb


Innate Abilities, Weirdness & Mutations

You have a pair of horns on your head.
You reflexively headbutt those who attack you in melee.


Message History

Fire: 26 arrows
Press: ? - help, Q - select action Shift-Dir - straight line, f/p - Ijyb
Aim: Ijyb, wielding a +0 dagger, wearing a +0 ring mail and carrying a wand of mindburst (8) (moderately wounded, 60% to hit)
You shoot an arrow. The arrow hits Ijyb but does no damage.
Ijyb is moderately wounded.
Fire: 25 arrows
Press: ? - help, Q - select action Shift-Dir - straight line, f/p - Ijyb
Aim: Ijyb, wielding a +0 dagger, wearing a +0 ring mail and carrying a wand of mindburst (8) (moderately wounded, 60% to hit)
You shoot an arrow. The arrow hits Ijyb.
Ijyb is moderately wounded.
Ijyb zaps a wand.
Your mind is blasted!
Ouch! That really hurt!
Fire: 24 arrows
Press: ? - help, Q - select action Shift-Dir - straight line, f/p - Ijyb
Aim: Ijyb, wielding a +0 dagger, wearing a +0 ring mail and carrying a wand of mindburst (7) (moderately wounded, 60% to hit)
You shoot an arrow. The arrow hits Ijyb.
Ijyb is moderately wounded.
Fire: 23 arrows
Press: ? - help, Q - select action Shift-Dir - straight line, f/p - Ijyb
Aim: Ijyb, wielding a +0 dagger, wearing a +0 ring mail and carrying a wand of mindburst (7) (moderately wounded, 60% to hit)
You shoot an arrow. The arrow hits Ijyb.
Ijyb is heavily wounded.
Ijyb hits you with a +0 dagger.
You climb upwards.
There is a stone staircase leading down here.
Unknown command.
b - a +0 short sword (weapon)
Ijyb hits you with a +0 dagger.
You hit Ijyb but do no damage.
Ijyb is heavily wounded.
Ijyb zaps a wand.
Your mind is blasted!
* * * LOW HITPOINT WARNING * * *
You hit Ijyb but do no damage. Your headbutt misses Ijyb.
Ijyb is heavily wounded.
Ijyb hits you with a +0 dagger.
* * * LOW HITPOINT WARNING * * *
You barely miss Ijyb.
Ijyb is heavily wounded.
Ijyb zaps a wand.
Your mind is blasted!
You die...

##..............>
#...<............
#................
#................ ### #####
#................ ..# #...##
#................
..#######..######................
.....#####.......................
.###......######@g............###
..#######..#####.#..(###....### #
....######..##...###...##.#.## #
.##.......#........§.........# #
.########....####.§§§≈≈§≈≈.≈.####
..................§§.....§.≈...##
.##########.#....#.§§≈..§§§≈....#
.# ###..####.#.§.≈._§§§≈..#.. .#
#####...## #...≈.≈...§§≈.###.


You could see Ijyb.

Vanquished Creatures
  2 ogres (D:4)
  A phantom (D:4)
  2 water moccasin zombies (D:5)
  A water moccasin skeleton (D:5)
  A centaur zombie (D:5)
  A bullfrog zombie (D:5)
  A hound (D:5)
  A jelly (D:3)
  An orc priest (D:3)
  A gnoll shaman (D:4)
  Jessica (D:3)
  3 iguanas
  A scorpion zombie (D:5)
  A howler monkey zombie (D:5)
  5 adders
  3 worms
  4 dart slugs
  7 orcs (D:3)
  4 endoplasms
  A giant cockroach (D:3)
  5 goblins
  7 hobgoblins
  4 jackals
  7 kobolds
  4 ball pythons
  4 bats
  4 frilled lizards (D:1)
  6 rats
83 creatures vanquished.

Notes
Turn   | Place    | Note
-------+----------+-------------------------------------------
     0 | D:1      | pkoi the Minotaur Hunter began the quest for the Orb.
     0 | D:1      | Reached XP level 1. HP: 18/18 MP: 0/0
   266 | D:1      | Reached XP level 2. HP: 25/25 MP: 1/1
   382 | D:1      | Reached skill level 5 in Bows
  1138 | D:2      | Reached XP level 3. HP: 30/30 MP: 2/2
  1143 | D:2      | Found a faded altar of an unknown god.
  1463 | D:2      | Reached skill level 6 in Bows
  1710 | D:3      | Noticed Jessica
  1722 | D:3      | Killed Jessica
  1723 | D:3      | Reached XP level 4. HP: 31/37 MP: 3/3
  1901 | D:3      | Reached skill level 7 in Bows
  1901 | D:3      | Reached XP level 5. HP: 23/42 MP: 4/4
  2382 | D:3      | Found a sacrificial altar of Ru.
  2591 | D:4      | Found a shimmering altar of Xom.
  3247 | D:4      | Noticed a phantom
  3440 | D:4      | Noticed an ogre
  3448 | D:4      | Killed an ogre
  3449 | D:4      | Reached skill level 8 in Bows
  3449 | D:4      | Reached XP level 6. HP: 34/50 MP: 5/5
  3694 | D:4      | Reached skill level 9 in Bows
  3700 | D:4      | Reached XP level 7. HP: 41/56 MP: 6/6
  3878 | D:5      | Entered Level 5 of the Dungeon
  3908 | D:5      | Reached skill level 1 in Stealth
  3933 | D:5      | Reached skill level 1 in Armour
  4328 | D:5      | Identified a scroll of acquirement
  4328 | D:5      | Acquired a manual of Dodging
  4330 | D:5      | Noticed Ijyb
  4572 | D:4      | Blown up by Ijyb

Illustrated notes

Levels and vault maps discovered:
D:1:      amcnicky_arrival_blooded_trapdoor, layout_loops_corners
D:2:      layout_loops_cross, shapermc_ecumenical_altar_pompeii
D:3:      layout_basic, general_overflow_altar, uniq_jessica
D:4:      layout_rooms, mainiacjoe_overflow_cross_hatched,
          kennysheep_generic_room_3
D:5:      layout_cave_pools, worldfamousw_hep_ancestral_shrine,
          kennysheep_orc_sif_temple, minmay_temple_entry_glass, serial_undead,
          serial_undead_a, serial_undead_e, serial_undead_f, serial_undead_c,
          nicolae_underground_beach, uniq_ijyb

Skill      XL: |  1  2  3  4  5  6  7 |
---------------+----------------------+-----
Bows           | 5 6 7 8 9 |  9.8
Stealth        | 1 |  1.7
Armour         | 1 |  1.5
Fighting       | 3 |  3.2
Dodging        | 3 |  3.1

Action                   |  1- 3 |  4- 6 |  7- 9 || total
-------------------------+-------+-------+-------++-------
Melee: Short sword       |       |    45 |    12 ||    57
       Headbutt          |       |     5 |     2 ||     7
 Fire: Shortbow          |    73 |    87 |    84 ||   244
  Use: Scroll            |       |     3 |     1 ||     4
Armor: Leather armour    |     6 |    14 |    14 ||    34
Dodge: Dodged            |     8 |    38 |    43 ||    89
